[Event "45th FIDE Olympiad 2024"]
[Site "Budapest"]
[Date "2024.09.18"]
[Round "7.137"]
[White "Ferreira, Jorge Viterbo"]
[Black "Tissir, Mohamed"]
[Result "1-0"]
[ECO "E94"]
[WhiteElo "2535"]
[BlackElo "2355"]
[Annotator "TA"]
[PlyCount "130"]
[EventDate "2024.09.05"]
[EventType "team-tourn"]
[EventCountry "HUN"]
[SourceTitle "playchess.com"]
[Source "ChessBase"]
[SourceQuality "1"]
[WhiteTeam "Portugal"]
[BlackTeam "Morocco"]
[WhiteTeamCountry "POR"]
[BlackTeamCountry "MAR"]
[TimeControl "40/5400+30:1800+30"]

1. d4 Nf6 2. c4 g6 3. Nc3 Bg7 4. e4 d6 5. Nf3 O-O 6. Be2 e5 7. Be3 Nbd7 8. O-O Qe7 9. Qc2 c6 10. Rad1 Re8 11. d5 {E94: King's Indian: Classical: 6 Be2 e5 7 0-0: Various Black 7th moves.} c5 12. Ne1 Rf8 13. Kh1 $146 ({Predecessor:} 13. g3 Ne8 14. Ng2 Ndf6 15. f3 Bh3 16. a3 b6 17. b4 Nd7 18. Rf2 f5 19. exf5 gxf5 {½-½ Bluebaum,M (2669)-Bortnyk,O (2605) Titled Tuesday intern op 16th May Late blitz 2023 (8)}) 13... Ne8 14. g4 Kh8 15. Rg1 Ndf6 16. Rg3 Ng8 17. Qd2 Nef6 18. a3 b6 19. f3 Nd7 20. Ng2 a6 21. Rb1 Qd8 22. Bd3 Rb8 23. b4 Qc7 24. Rg1 Qd8 25. Ne1 Re8 26. Bc2 Qc7 27. Bd3 Qd8 $1 28. Be2 Bb7 29. Nd3 Qc7 30. Nf2 Rec8 31. b5 Ra8 32. bxa6 Bxa6 33. h4 h6 34. Nfd1 Re8 35. Nb2 Qd8 36. Rh3 Rf8 37. Bd3 Qe7 38. Rh2 Rfb8 39. Ra1 Kh7 40. Nb5 Rc8 41. Qe2 Ngf6 42. Nc3 Rcb8 43. Bc2 Ne8 44. Bd2 Nc7 45. Bd3 Bc8 46. Nbd1 (46. h5 $142) 46... Kg8 47. Ne3 Nf6 48. Nb5 h5 49. Qg2 (49. g5 $16 Nfe8 50. Nc3) 49... Nxb5 50. cxb5 Ra4 (50... hxg4 $1 $11 {keeps the balance.} 51. fxg4 Ra4) 51. g5 Ne8 52. Nc4 Nc7 $1 53. Nb2 Ra7 54. Qe2 $2 {[#]} ({Worse is} 54. a4 Nxd5 55. exd5 e4 $17) (54. Bc4 $14 {keeps the upper hand.}) 54... Bd7 $2 (54... Nxd5 $1 $19 {Hoping for ...Nf4.} 55. exd5 e4 56. Bxe4 Bxb2) 55. a4 $14 Qe8 {[#]} (55... Rba8 $14) 56. Rb1 $1 $16 Bf8 57. Bc2 Nxb5 58. axb5 Bxb5 59. Qf2 ({Better is} 59. Nc4) 59... Rba8 $16 60. Bc3 Ra1 61. Rg2 Rxb1+ 62. Bxb1 Ra3 (62... Ba6 $14) 63. Nd1 $16 Qd7 64. Kh2 Ra7 (64... Bg7 $16 65. Qb2 Ra7) 65. Bb2 Ba6 1-0

[Event "45th FIDE Olympiad 2024"]
[Site "Budapest"]
[Date "2024.09.18"]
[Round "7.138"]
[White "Elbilia, Jacques"]
[Black "Pereira, Ruben"]
[Result "0-1"]
[ECO "D35"]
[WhiteElo "2343"]
[BlackElo "2457"]
[Annotator "ChessBase"]
[PlyCount "44"]
[EventDate "2024.09.05"]
[EventType "team-tourn"]
[EventCountry "HUN"]
[SourceTitle "playchess.com"]
[Source "ChessBase"]
[SourceQuality "1"]
[WhiteTeam "Morocco"]
[BlackTeam "Portugal"]
[WhiteTeamCountry "MAR"]
[BlackTeamCountry "POR"]
[TimeControl "40/5400+30:1800+30"]

1. d4 d5 2. c4 e6 3. Nc3 Nf6 4. cxd5 exd5 5. Bg5 Bb4 6. Qb3 c5 7. dxc5 Nc6 8. O-O-O Be6 9. Nf3 Qa5 10. Bxf6 d4 11. Qa4 dxc3 12. Qxa5 cxb2+ 13. Kxb2 Nxa5 14. Bxg7 Rg8 15. Bc3 Bxc3+ 16. Kxc3 Rc8 17. e4 Rxc5+ 18. Kd4 b6 19. g3 Ke7 20. Be2 Rc2 21. Ke3 Rc3+ 22. Rd3 Nc4+ 0-1

[Event "45th FIDE Olympiad 2024"]
[Site "Budapest"]
[Date "2024.09.18"]
[Round "7.139"]
[White "Sousa, Andre Ventura"]
[Black "Moayad, Anas"]
[Result "1-0"]
[ECO "B90"]
[WhiteElo "2403"]
[BlackElo "2016"]
[Annotator "TA"]
[PlyCount "51"]
[EventDate "2024.09.05"]
[EventType "team-tourn"]
[EventCountry "HUN"]
[SourceTitle "playchess.com"]
[Source "ChessBase"]
[SourceQuality "1"]
[WhiteTeam "Portugal"]
[BlackTeam "Morocco"]
[WhiteTeamCountry "POR"]
[BlackTeamCountry "MAR"]
[TimeControl "40/5400+30:1800+30"]

1. e4 c5 2. Nf3 d6 3. d4 cxd4 4. Nxd4 Nf6 5. Nc3 a6 6. f3 e5 7. Nb3 Be7 8. Be3 Be6 9. Qd2 Nbd7 10. g4 h6 11. O-O-O b5 12. Kb1 Nb6 13. Na5 Qc7 {[#] Against Nb7. Hoping for ...b4.} 14. Bxb6 Qxb6 15. Nd5 {White is slightly better.} Nxd5 16. exd5 Bg5 $2 (16... Bd7 $14) 17. Qb4 $18 Bd7 18. Nc4 {Dodges Be3} bxc4 (18... Qb8) 19. Qxb6 Ke7 20. Bxc4 Rhb8 21. Qa5 Rc8 22. Bd3 Rc5 23. Qb6 a5 24. Rhe1 a4 {[#]} 25. Rxe5+ $3 Kf8 (25... dxe5 26. Qxc5+) 26. Qxd6+ {Black did not feel at home in the position after the opening.   Weighted Error Value: White=0.08 (flawless) /Black=1.40.  Loses game:     	---       	Black=1      Mistake:       	---       	Black=1      OK:         	White=1     	Black=4      Best:        	White=3     	---} 1-0

[Event "45th FIDE Olympiad 2024"]
[Site "Budapest"]
[Date "2024.09.18"]
[Round "7.140"]
[White "Nait, Elasri Brahim"]
[Black "Barria Santos, Jose Guilherme"]
[Result "0-1"]
[ECO "B95"]
[WhiteElo "1994"]
[BlackElo "2411"]
[Annotator "ChessBase"]
[PlyCount "126"]
[EventDate "2024.09.05"]
[EventType "team-tourn"]
[EventCountry "HUN"]
[SourceTitle "playchess.com"]
[Source "ChessBase"]
[SourceQuality "1"]
[WhiteTeam "Morocco"]
[BlackTeam "Portugal"]
[WhiteTeamCountry "MAR"]
[BlackTeamCountry "POR"]
[TimeControl "40/5400+30:1800+30"]

1. e4 c5 2. Nf3 d6 3. d4 cxd4 4. Nxd4 Nf6 5. Nc3 a6 6. f3 e6 7. Bg5 Be7 8. Qd2 b5 9. O-O-O Bb7 10. g4 Nbd7 11. h4 Nb6 12. Qf2 b4 13. Nce2 Qc7 14. Ng3 O-O-O 15. Qe1 h6 16. Bd2 d5 17. e5 Nfd7 18. f4 g5 19. Nh5 Nc4 20. Bxc4 dxc4 21. Rh3 Qb6 22. Be3 gxf4 23. Nf5 fxe3 24. Nxe7+ Kc7 25. Nf4 Rhe8 26. Rd6 Qa5 27. Neg6 Qxa2 28. Qxe3 fxg6 29. Nxg6 Qa1+ 30. Kd2 Qxb2 31. Rh2 Nxe5 32. Qb6+ Kc8 33. Ne7+ Kb8 34. Rxd8+ Rxd8+ 35. Qxd8+ Ka7 36. Rh3 c3+ 37. Ke1 Qc1+ 38. Qd1 Nf3+ 39. Rxf3 Qxd1+ 40. Kxd1 Bxf3+ 41. Kc1 Bxg4 42. Nc6+ Kb6 43. Nxb4 Kb5 44. Nd3 h5 45. Kb1 a5 46. Ka2 a4 47. Ka3 Bf5 48. Nb4 Be4 49. Na2 Kc4 50. Nb4 Bh7 51. Kxa4 e5 52. Nc6 e4 53. Ne5+ Kd4 54. Nc6+ Kd5 55. Ne7+ Kc4 56. Nc6 e3 57. Ne5+ Kd5 58. Nf3 Bxc2+ 59. Ka3 Be4 60. Ne1 Kc4 61. Ka2 e2 62. Ka1 Kd4 63. Ka2 Ke3 0-1

[Event "45th FIDE Olympiad 2024"]
[Site "Budapest"]
[Date "2024.09.18"]
[Round "7.141"]
[White "Kulaots, Kaido"]
[Black "Johnson, Joshua"]
[Result "1-0"]
[ECO "C88"]
[WhiteElo "2506"]
[BlackElo "2267"]
[Annotator "TA"]
[PlyCount "133"]
[EventDate "2024.09.05"]
[EventType "team-tourn"]
[EventCountry "HUN"]
[SourceTitle "playchess.com"]
[Source "ChessBase"]
[SourceQuality "1"]
[WhiteTeam "Estonia"]
[BlackTeam "Trinidad & Tobago"]
[WhiteTeamCountry "EST"]
[TimeControl "40/5400+30:1800+30"]

1. e4 e5 2. Nf3 Nc6 3. Bb5 a6 4. Ba4 Nf6 5. O-O Be7 6. Re1 b5 7. Bb3 O-O 8. a4 Bb7 9. d3 Re8 10. Nc3 Nd4 11. Nxd4 exd4 12. Ne2 {The position is equal.} c5 13. Ng3 d6 (13... Qc7 $11 {keeps the balance.}) 14. c3 (14. Qf3 $16) 14... dxc3 $14 15. bxc3 Bf8 16. Bg5 h6 17. Bf4 Qd7 18. Bc2 Rac8 19. f3 (19. axb5 $14 axb5 20. f3) 19... g6 ({Black should play} 19... b4 $11) 20. Qd2 Kh7 21. d4 Bg7 22. Red1 Qc6 23. Bb3 (23. Bd3 $16) 23... Re7 (23... d5 $1 $11) 24. h4 $16 c4 (24... Qb6 $142) 25. Bc2 Ree8 (25... h5 $142 26. Rdb1 Qb6) 26. Qf2 h5 27. Rdb1 Ra8 28. Ne2 Nd7 29. Qg3 d5 30. e5 Kg8 31. Bc1 Nf8 32. f4 {[#] Black must now prevent f5.} f5 33. Ba3 Kh7 34. Kh2 (34. Qh2 $142) 34... Ne6 35. Ng1 Bh6 36. Nh3 Qd7 37. Bd6 Bc6 38. Qf3 Qf7 39. g3 Bf8 40. Bxf8 Rxf8 41. Qd1 Qe7 42. Qd2 Kg7 43. Ng1 Rfb8 44. Ne2 (44. a5 $16) 44... bxa4 $11 45. Rxb8 Rxb8 46. Bxa4 Bxa4 47. Rxa4 Rb6 48. Ra2 Qb7 49. Kg2 {White is weak on the light squares} Rb1 50. Kf2 {[#]} ({Better is} 50. Qc2 $15) 50... Nc7 (50... Qb3 $1 $17 51. Qc2 (51. Rxa6 $2 Rh1 $19) 51... Nc7) 51. Ra5 Rb2 52. Qe3 Qb6 53. Rc5 Rb5 54. e6 Rxc5 (54... Nxe6 $6 55. Qe5+ Kf7 56. Rc8 $16 (56. Rxd5 Rxd5 57. Qxd5 Qb5 $11)) 55. Qe5+ Kg8 56. dxc5 Qxc5+ $14 {[%mdl 4096] Endgame. KQN-KQN} 57. Nd4 Qe7 {Repels Qf6} (57... Ne8 $14) 58. Kf1 $16 {[%mdl 1024] And now Nc6 would win. White has strong compensation. White is much more active.} a5 $2 {[%mdl 8192] This move loses the game for Black.} (58... Ne8 $16) 59. Nc6 $1 $18 Qg7 {...Qxe5 is the strong threat.} 60. Qd6 {aiming for Ne7+.} (60. Nxa5 $2 Qxe5 61. fxe5 Nxe6 $19) (60. Qxg7+ $2 Kxg7 61. Nxa5 Nb5 $19 (61... Nxe6 $2 62. Nc6 $19)) 60... Kh7 61. Ne5 ({Inferior is} 61. Nxa5 Ne8 62. Qxd5 Qxc3 $11) 61... a4 62. e7 Ne8 63. Qc6 (63. Qxd5 Qxe7 64. Qxc4 (64. Qc6 Nd6 $11) 64... a3 $11) 63... Qg8 64. Qxa4 Nf6 (64... d4 $18 65. cxd4 (65. Nxc4 dxc3 66. Qc6 c2 $11) 65... c3) 65. Nd7 {White mates.} Kg7 66. Nxf6 Kxf6 67. e8=Q {Weighted Error Value: White=0.16 (very precise) /Black=0.18 (very precise) .  Loses game:     	---       	Black=1      Mistake:       	White=6     	Black=8      Inaccurate:     	White=2     	Black=4      OK:         	White=19    	Black=20     Best:        	White=6     	Black=6} 1-0

[Event "45th FIDE Olympiad 2024"]
[Site "Budapest"]
[Date "2024.09.18"]
[Round "7.142"]
[White "Cabralis, Quinn"]
[Black "Volodin, Aleksandr"]
[Result "0-1"]
[ECO "B41"]
[WhiteElo "2169"]
[BlackElo "2457"]
[Annotator "ChessBase"]
[PlyCount "64"]
[EventDate "2024.09.05"]
[EventType "team-tourn"]
[EventCountry "HUN"]
[SourceTitle "playchess.com"]
[Source "ChessBase"]
[SourceQuality "1"]
[WhiteTeam "Trinidad & Tobago"]
[BlackTeam "Estonia"]
[BlackTeamCountry "EST"]
[TimeControl "40/5400+30:1800+30"]

1. e4 c5 2. Nf3 e6 3. d4 cxd4 4. Nxd4 a6 5. c4 Nf6 6. Nc3 Qc7 7. a3 Be7 8. Be3 d6 9. Be2 O-O 10. O-O b6 11. f4 Bb7 12. Bf3 Nc6 13. b4 Rac8 14. Rc1 Qb8 15. f5 Ne5 16. fxe6 Nxc4 17. Bg5 fxe6 18. Bg4 Nxg4 19. Qxg4 Bxg5 20. Qxg5 Rxf1+ 21. Rxf1 Re8 22. Nd5 Bxd5 23. exd5 h6 24. Qh5 Rf8 25. dxe6 Rxf1+ 26. Kxf1 Qf8+ 27. Ke2 Qf4 28. Kd3 Ne5+ 29. Kc3 Qe3+ 30. Kc2 Qxd4 31. e7 Qe4+ 32. Kd2 Ng6 0-1

[Event "45th FIDE Olympiad 2024"]
[Site "Budapest"]
[Date "2024.09.18"]
[Round "7.143"]
[White "Kanep, Meelis"]
[Black "Cupid, Kevin"]
[Result "1-0"]
[ECO "D55"]
[WhiteElo "2367"]
[BlackElo "2201"]
[Annotator "ChessBase"]
[PlyCount "120"]
[EventDate "2024.09.05"]
[EventType "team-tourn"]
[EventCountry "HUN"]
[SourceTitle "playchess.com"]
[Source "ChessBase"]
[SourceQuality "1"]
[WhiteTeam "Estonia"]
[BlackTeam "Trinidad & Tobago"]
[WhiteTeamCountry "EST"]
[TimeControl "40/5400+30:1800+30"]

1. Nf3 d5 2. c4 e6 3. d4 Nf6 4. Nc3 Be7 5. Bg5 h6 6. Bxf6 Bxf6 7. e3 O-O 8. Qc2 c5 9. dxc5 dxc4 10. Bxc4 Qa5 11. O-O Bxc3 12. Qxc3 Qxc3 13. bxc3 Nd7 14. c6 bxc6 15. Rfc1 Rb8 16. Rab1 Bb7 17. Nd4 c5 18. Nxe6 Rfe8 19. Nc7 Re4 20. Bd5 Bxd5 21. Rxb8+ Nxb8 22. Nxd5 Ra4 23. Rc2 Nc6 24. f3 f5 25. h3 Kf7 26. g4 g6 27. Kg2 Ne5 28. Kg3 Nc4 29. Kf2 Na3 30. Rb2 Nc4 31. Rc2 Na3 32. Rb2 Nc4 33. Rc2 Na3 34. Re2 Ke6 35. Nf4+ Kf6 36. e4 fxe4 37. fxe4 g5 38. e5+ Kg7 39. Nh5+ Kf7 40. e6+ Ke7 41. Ng7 Rf4+ 42. Kg3 Nb5 43. Nf5+ Ke8 44. e7 Nc7 45. Ng7+ Kd7 46. e8=Q+ Nxe8 47. Rxe8 Ra4 48. Re2 Ra3 49. Rc2 Kd6 50. Kf3 Kd5 51. Ke3 Kc4 52. Kd2 Ra6 53. Nf5 Kd5 54. Kd3 c4+ 55. Ke3 Re6+ 56. Kf3 Ra6 57. Rd2+ Kc5 58. Ng3 Ra3 59. Ne4+ Kb5 60. Ke3 Kb6 1-0

[Event "45th FIDE Olympiad 2024"]
[Site "Budapest"]
[Date "2024.09.18"]
[Round "7.144"]
[White "McIntosh, Isaiah"]
[Black "Timoshin, Andrei"]
[Result "1/2-1/2"]
[ECO "E11"]
[WhiteElo "2249"]
[BlackElo "2230"]
[Annotator "ChessBase"]
[PlyCount "61"]
[EventDate "2024.09.05"]
[EventType "team-tourn"]
[EventCountry "HUN"]
[SourceTitle "playchess.com"]
[Source "ChessBase"]
[SourceQuality "1"]
[WhiteTeam "Trinidad & Tobago"]
[BlackTeam "Estonia"]
[BlackTeamCountry "EST"]
[TimeControl "40/5400+30:1800+30"]

1. d4 d5 2. c4 e6 3. Nf3 Nf6 4. g3 Bb4+ 5. Bd2 a5 6. Bg2 O-O 7. Qc2 c5 8. cxd5 cxd4 9. Nxd4 Qb6 10. e3 exd5 11. O-O Nc6 12. Nxc6 bxc6 13. Rc1 Rb8 14. Bxb4 Qxb4 15. b3 Be6 16. Nc3 Rfc8 17. Ne2 c5 18. Nf4 c4 19. Nxe6 fxe6 20. Bh3 Kf7 21. bxc4 Rxc4 22. Qd1 Rbc8 23. Bf1 R4c7 24. Rxc7+ Rxc7 25. Rc1 Rxc1 26. Qxc1 Ne4 27. Qc7+ Kf8 28. Qd8+ Kf7 29. Qc7+ Kf8 30. Qd8+ Kf7 31. Qc7+ 1/2-1/2

[Event "45th FIDE Olympiad 2024"]
[Site "Budapest"]
[Date "2024.09.18"]
[Round "7.145"]
[White "Amartuvshin, Ganzorig"]
[Black "Khoder, Akram"]
[Result "0-1"]
[WhiteElo "2402"]
[BlackElo "2239"]
[PlyCount "58"]
[EventDate "2024.09.05"]
[EventType "team-tourn"]
[EventCountry "HUN"]
[WhiteTeam "Mongolia"]
[BlackTeam "Lebanon"]
[WhiteTeamCountry "MGL"]
[BlackTeamCountry "LBN"]
[TimeControl "40/5400+30:1800+30"]

1. d4 d5 2. c4 c6 3. Nc3 Nf6 4. Nf3 dxc4 5. a4 Bf5 6. Ne5 Nbd7 7. Nxc4 Qc7 8. g3 e5 9. dxe5 Nxe5 10. Bf4 Nfd7 11. Bg2 g5 12. Ne3 gxf4 13. Nxf5 O-O-O 14. O-O fxg3 15. hxg3 h5 16. Qc2 h4 17. Nxh4 Rxh4 18. gxh4 Ng4 19. Rfd1 Bc5 20. e3 Bxe3 21. Kf1 Bxf2 22. Qe4 f5 23. Qe6 Bc5 24. Rd3 Qf4+ 25. Bf3 Nge5 26. Nd5 Qxh4 27. Ne7+ Bxe7 28. Rc1 Nxd3 29. Rxc6+ Kb8 {0-} 0-1

[Event "45th FIDE Olympiad 2024"]
[Site "Budapest"]
[Date "2024.09.18"]
[Round "7.146"]
[White "Arkadan, Adib"]
[Black "Baasansuren, Erdene"]
[Result "0-1"]
[WhiteElo "2181"]
[BlackElo "2368"]
[PlyCount "104"]
[EventDate "2024.09.05"]
[EventType "team-tourn"]
[EventCountry "HUN"]
[WhiteTeam "Lebanon"]
[BlackTeam "Mongolia"]
[WhiteTeamCountry "LBN"]
[BlackTeamCountry "MGL"]
[TimeControl "40/5400+30:1800+30"]

1. e4 c5 2. Nf3 d6 3. d4 cxd4 4. Nxd4 Nf6 5. Nc3 a6 6. Be3 e5 7. Nf3 Be7 8. Bc4 O-O 9. O-O Be6 10. Bb3 Nc6 11. Qe2 Na5 12. Rfd1 Nxb3 13. axb3 Qe8 14. Bg5 Nh5 15. Nd2 f5 16. Bxe7 Nf4 17. Qe3 Qxe7 18. exf5 Rxf5 19. Nde4 d5 20. Ng3 Qg5 21. Nce2 Rf6 22. Qd2 Rg6 23. f3 Rf8 24. c4 dxc4 25. Nxf4 exf4 26. Ne4 Qh5 27. Ra5 Qxf3 28. Ng5 Qxb3 29. Kh1 h6 30. Ra3 c3 31. Qd3 Bf5 32. Rxb3 Bxd3 33. Rxc3 Bb5 34. Nf3 Re8 35. h3 Bc6 36. Nh4 Rg3 37. Rd2 Rxc3 38. bxc3 Re3 39. Kg1 Rxc3 40. Ng6 f3 41. gxf3 Rxf3 42. Kh2 Re3 43. h4 Kf7 44. h5 Kf6 45. Rd8 a5 46. Rf8+ Kg5 47. Nf4 a4 48. Rf7 a3 49. Nh3+ Kh4 50. Nf4 Kg4 51. Ng6 Re2+ 52. Kg1 a2 {0-} 0-1

[Event "45th FIDE Olympiad 2024"]
[Site "Budapest"]
[Date "2024.09.18"]
[Round "7.147"]
[White "Amilal, Munkhdalai"]
[Black "Assaad, Joe"]
[Result "1-0"]
[WhiteElo "2374"]
[BlackElo "2150"]
[PlyCount "105"]
[EventDate "2024.09.05"]
[EventType "team-tourn"]
[EventCountry "HUN"]
[WhiteTeam "Mongolia"]
[BlackTeam "Lebanon"]
[WhiteTeamCountry "MGL"]
[BlackTeamCountry "LBN"]
[TimeControl "40/5400+30:1800+30"]

1. e4 e6 2. d4 d5 3. Nd2 c5 4. exd5 Qxd5 5. dxc5 Bxc5 6. Ngf3 Nf6 7. Bc4 Qh5 8. Qe2 Nc6 9. Ne4 Nxe4 10. Qxe4 O-O 11. O-O e5 12. Bd5 Bf5 13. Qc4 Bd6 14. c3 Rac8 15. Qh4 Bg4 16. Qxh5 Bxh5 17. Rd1 Bc5 18. h3 Rfe8 19. g4 Bg6 20. Nh4 Bb6 21. Nxg6 hxg6 22. Kf1 Kh7 23. Be3 Bxe3 24. fxe3 Re7 25. Ke2 g5 26. Rf1 Rcc7 27. Rad1 g6 28. Be4 Kg7 29. Rd6 Na5 30. Rd8 Nc6 31. Ra8 Red7 32. Rd1 Rxd1 33. Kxd1 a6 34. Ke2 Kf6 35. Bd5 Ke7 36. Kd3 Nd8 37. Ke4 f6 38. c4 Rd7 39. b4 Kd6 40. Rc8 Ke7 41. c5 Nf7 42. Bb3 Nd8 43. Ba4 Rd2 44. Rc7+ Kf8 45. a3 Ra2 46. Rd7 Nc6 47. Rxb7 f5+ 48. gxf5 gxf5+ 49. Kxf5 Ne7+ 50. Ke6 Rxa3 51. Rb8+ Kg7 52. Kxe7 Rxa4 53. c6 1-0

[Event "45th FIDE Olympiad 2024"]
[Site "Budapest"]
[Date "2024.09.18"]
[Round "7.148"]
[White "Kassis, Antoine"]
[Black "Itgelt, Khuyagtsogt"]
[Result "0-1"]
[WhiteElo "2085"]
[BlackElo "2412"]
[PlyCount "112"]
[EventDate "2024.09.05"]
[EventType "team-tourn"]
[EventCountry "HUN"]
[WhiteTeam "Lebanon"]
[BlackTeam "Mongolia"]
[WhiteTeamCountry "LBN"]
[BlackTeamCountry "MGL"]
[TimeControl "40/5400+30:1800+30"]

1. e4 e6 2. d4 d5 3. Bd3 dxe4 4. Bxe4 Nf6 5. Bf3 c5 6. Ne2 Nc6 7. Be3 cxd4 8. Nxd4 Ne5 9. Nc3 a6 10. Qe2 Nxf3+ 11. Nxf3 b5 12. Rd1 Qc7 13. Bd4 Be7 14. Ne5 Bb7 15. O-O O-O 16. Rd3 Rfd8 17. Rfd1 Rac8 18. a3 Bf8 19. Rg3 Qe7 20. Qe3 a5 21. Nxb5 Rxc2 22. Qb3 Be4 23. Nc3 Qb7 24. Nxe4 Qxe4 25. Nf3 Nh5 26. Rg5 Nf4 27. Re5 Qc6 28. Qe3 Ne2+ 29. Qxe2 Rxe2 30. Rxe2 f6 31. Rde1 e5 32. Bc3 a4 33. h3 Bxa3 34. bxa3 Qxc3 35. Re3 Rd3 36. Rxd3 Qxd3 37. Re3 Qb1+ 38. Kh2 Qc2 39. Kg1 Kf7 40. g3 g5 41. Kg2 h5 42. h4 g4 43. Ne1 Qc6+ 44. Kg1 Qc1 45. Kg2 Ke7 46. Kf1 Kd6 47. Kg2 e4 48. Kh2 f5 49. Kg2 Kd5 50. Kh2 Kd4 51. Kg1 Kc4 52. Kh2 Qxe3 53. fxe3 Kb3 54. Kg2 Kxa3 55. Kf2 Kb2 56. Ke2 Kc1 {0-} 0-1

[Event "45th FIDE Olympiad 2024"]
[Site "Budapest"]
[Date "2024.09.18"]
[Round "7.149"]
[White "Lee, Junhyeok"]
[Black "Ziska, Helgi Dam"]
[Result "1-0"]
[WhiteElo "2364"]
[BlackElo "2553"]
[PlyCount "111"]
[EventDate "2024.09.05"]
[EventType "team-tourn"]
[EventCountry "HUN"]
[WhiteTeam "South Korea"]
[BlackTeam "Faroe Islands"]
[BlackTeamCountry "FAI"]
[TimeControl "40/5400+30:1800+30"]

1. d4 Nf6 2. c4 g6 3. Nc3 Bg7 4. e4 d6 5. Nf3 O-O 6. Bd3 e5 7. d5 a5 8. O-O Na6 9. a3 Nc5 10. Bc2 Bd7 11. Re1 Qe8 12. Be3 Ng4 13. Bxc5 dxc5 14. d6 Qd8 15. h3 Nf6 16. Nxe5 Be6 17. dxc7 Qxc7 18. Nf3 Bxc4 19. e5 Rad8 20. Qc1 Nd5 21. Ne4 Ba6 22. Qg5 b6 23. Rad1 Qe7 24. Nd6 Qxg5 25. Nxg5 Nf4 26. Bb3 c4 27. Nxc4 h6 28. Nxf7 Kxf7 29. Nxa5+ Ke8 30. Nc6 Rc8 31. Rd6 Ne2+ 32. Kh1 Rxf2 33. Rxg6 Bf8 34. Rd1 Nf4 35. Rf6 Rxc6 36. Rxc6 Bb7 37. Bf7+ Kxf7 38. Rc7+ Ke6 39. Rxb7 Rxb2 40. Rf1 Kxe5 41. Rf7 Ne2 42. R7f5+ Ke6 43. Rxf8 Ng3+ 44. Kh2 Nxf1+ 45. Rxf1 Rb5 46. g4 Rb3 47. Rf5 Rxa3 48. Rh5 b5 49. Rxh6+ Kd5 50. Rb6 Kc4 51. g5 b4 52. g6 b3 53. h4 Ra8 54. Kg3 Ra1 55. h5 Kc3 56. h6 1-0

[Event "45th FIDE Olympiad 2024"]
[Site "Budapest"]
[Date "2024.09.18"]
[Round "7.150"]
[White "Nielsen, Hogni Egilstoft"]
[Black "Ahn, Hongjin"]
[Result "1-0"]
[WhiteElo "2379"]
[BlackElo "2251"]
[PlyCount "85"]
[EventDate "2024.09.05"]
[EventType "team-tourn"]
[EventCountry "HUN"]
[WhiteTeam "Faroe Islands"]
[BlackTeam "South Korea"]
[WhiteTeamCountry "FAI"]
[TimeControl "40/5400+30:1800+30"]

1. e4 c5 2. Nf3 Nc6 3. Bb5 e6 4. O-O Nge7 5. Re1 Nd4 6. Nxd4 cxd4 7. Be2 g5 8. d3 Ng6 9. Nd2 Bg7 10. a4 b6 11. Nc4 Ba6 12. Nd6+ Kf8 13. b3 Be5 14. Ba3 Kg7 15. g3 Qf6 16. Bh5 Bxd6 17. Bxd6 e5 18. Bb4 Rac8 19. Rc1 Rc6 20. c4 dxc3 21. Rxc3 Rhc8 22. Qd2 Nf8 23. d4 exd4 24. Rf3 Qh6 25. Rxf7+ Kg8 26. Rf5 Ne6 27. Bf7+ Kh8 28. Bxe6 dxe6 29. Qxd4+ Kg8 30. Rf6 Qg7 31. Qe5 h6 32. Kg2 g4 33. Bd2 Rf8 34. Rxf8+ Qxf8 35. Bf4 Qg7 36. Qh5 Rc2 37. Qe8+ Kh7 38. Qxe6 Bc8 39. Qd5 Qd7 40. Qe5 Bb7 41. Rd1 Qf7 42. Rd8 Rc8 43. Qh8+ 1-0

[Event "45th FIDE Olympiad 2024"]
[Site "Budapest"]
[Date "2024.09.18"]
[Round "7.151"]
[White "Yun, Hungi"]
[Black "Rodgaard, John"]
[Result "1/2-1/2"]
[WhiteElo "2124"]
[BlackElo "2273"]
[PlyCount "112"]
[EventDate "2024.09.05"]
[EventType "team-tourn"]
[EventCountry "HUN"]
[WhiteTeam "South Korea"]
[BlackTeam "Faroe Islands"]
[BlackTeamCountry "FAI"]
[TimeControl "40/5400+30:1800+30"]

1. e4 e6 2. d4 d5 3. e5 c5 4. c3 Nc6 5. Nf3 Bd7 6. Be2 Nge7 7. O-O Ng6 8. Be3 Qb6 9. Qd2 cxd4 10. cxd4 f6 11. exf6 gxf6 12. Nc3 Kf7 13. Rfc1 Na5 14. b3 Ba3 15. Rc2 Rac8 16. Ne1 Nc6 17. Na4 Qb4 18. Rc3 Qe7 19. Nc2 Bd6 20. g3 Nb8 21. Nc5 b6 22. Nxd7 Qxd7 23. a4 Rxc3 24. Qxc3 Rc8 25. Qb2 Nc6 26. Ba6 Rc7 27. Rc1 Nb4 28. Nxb4 Bxb4 29. Rxc7 Qxc7 30. Qe2 Qc3 31. Kg2 Qc7 32. h4 Nf8 33. Qh5+ Kg8 34. Bh6 Qc2 35. Qg4+ Qg6 36. Qf4 Bd6 37. Qxd6 Qxh6 38. Bc8 f5 39. Qe7 f4 40. gxf4 Qg6+ 41. Qg5 Kf7 42. f5 exf5 43. Bxf5 Qd6 44. Bg4 Ng6 45. h5 Ne7 46. Bf3 h6 47. Qg4 Qf6 48. Qd7 Qg7+ 49. Bg4 Qxd4 50. Qe6+ Ke8 51. Bf5 Qf4 52. Bg6+ Kd8 53. Bf7 d4 54. Qc4 Qg4+ 55. Kf1 Qd1+ 56. Kg2 Qg4+ 1/2-1/2

[Event "45th FIDE Olympiad 2024"]
[Site "Budapest"]
[Date "2024.09.18"]
[Round "7.152"]
[White "Apol, Luitjen Akselsson"]
[Black "Lee, Kyungseok"]
[Result "1-0"]
[WhiteElo "2219"]
[BlackElo "2044"]
[PlyCount "53"]
[EventDate "2024.09.05"]
[EventType "team-tourn"]
[EventCountry "HUN"]
[WhiteTeam "Faroe Islands"]
[BlackTeam "South Korea"]
[WhiteTeamCountry "FAI"]
[TimeControl "40/5400+30:1800+30"]

1. d4 d5 2. c4 e6 3. Nf3 Nf6 4. Nc3 Nbd7 5. Bf4 c6 6. e3 Be7 7. h3 O-O 8. Qc2 Qa5 9. a3 dxc4 10. Bxc4 b5 11. Ba2 b4 12. axb4 Qxb4 13. O-O Bb7 14. e4 c5 15. e5 Nh5 16. Bd2 Bxf3 17. Nd5 Qb7 18. Nxe7+ Kh8 19. gxf3 Rfe8 20. Bb1 f5 21. Nxf5 exf5 22. Qxf5 g6 23. Be4 Qxb2 24. Qxd7 Rad8 25. Qg4 Qxd2 26. Rxa7 Qxd4 27. Rxh7+ 1-0

[Event "45th FIDE Olympiad 2024"]
[Site "Budapest"]
[Date "2024.09.18"]
[Round "7.153"]
[White "Rakotomaharo, Fy Antenaina"]
[Black "Ashiku, Franc"]
[Result "0-1"]
[WhiteElo "2440"]
[BlackElo "2400"]
[PlyCount "64"]
[EventDate "2024.09.05"]
[EventType "team-tourn"]
[EventCountry "HUN"]
[WhiteTeam "Madagascar"]
[BlackTeam "Albania"]
[WhiteTeamCountry "MAD"]
[BlackTeamCountry "ALB"]
[TimeControl "40/5400+30:1800+30"]

1. e4 c5 2. Nf3 e6 3. d4 cxd4 4. Nxd4 Nc6 5. Nc3 Nf6 6. Nxc6 bxc6 7. e5 Nd5 8. Ne4 Bb7 9. Nd6+ Bxd6 10. exd6 c5 11. c4 Nb4 12. a3 Nc6 13. Be3 Qf6 14. Qd2 Rb8 15. Bxc5 Ba6 16. O-O-O Na5 17. Bd4 Nb3+ 18. Kc2 Qf5+ 19. Bd3 Nxd4+ 20. Kb1 Qf6 21. Rhe1 Nb3 22. Qc2 Nc5 23. b4 Nxd3 24. Rxd3 O-O 25. Re4 Bb7 26. Rg4 a5 27. Rdg3 g6 28. b5 Rfc8 29. Qd2 Bd5 30. cxd5 Rxb5+ 31. Ka2 Rcb8 32. Rc3 Qf5 {0-} 0-1